 Dungeon Crawl Stone Soup version 0.23-b1-84-g6588a6b (webtiles) character file.

Game seed: 16682098744249007019

133 SmokingMann the Ducker (level 5, 0/41 HPs)
             Began as a Human Monk on Feb 10, 2019.
             Was a Believer of Qazlal.
             Succumbed to a scorpion's poison
             ... on level 4 of the Dungeon.
             The game lasted 00:18:02 (2619 turns).

SmokingMann the Ducker (Human Monk)                 Turns: 2619, Time: 00:18:02

Health: 0/41       AC:  2    Str: 12    XL:     5   Next: 39%
Magic:  5/5        EV: 15    Int: 10    God:    Qazlal [**....]
Gold:   186        SH:  3    Dex: 16    Spells: 4/4 levels left

rFire    + + .     SeeInvis .     - Unarmed
rCold    . . .     Gourm    .   (no shield)
rNeg     . . .     Faith    .   a - +0 robe
rPois    +         Spirit   .   (no helmet)
rElec    +         Reflect  .   (no cloak)
rCorr    +         Harm     .   (no gloves)
MR       .....                  (no boots)
Stlth    ++........             f - amulet of regeneration (curse)
HPRegen  0.53/turn              i - ring of fire
MPRegen  0.09/turn              (no ring)

@: lethally poisoned (0 -> -13), resistant, flying
A: no striking features
a: Upheaval, Renounce Religion


You were on level 4 of the Dungeon.
You worshipped Qazlal.
Qazlal was pleased with you.
You were not hungry.

You visited 1 branch of the dungeon, and saw 4 of its levels.

You collected 186 gold pieces.

Inventory:

Missiles
 d - 78 stones (quivered)
Armour
 a - a +0 robe (worn)
Jewellery
 f - a cursed amulet of regeneration (around neck)
 i - a ring of fire (left hand)
 o - an uncursed amulet of guardian spirit {unknown}
Scrolls
 g - a scroll of enchant weapon {unknown}
 h - 2 scrolls of teleportation {unknown}
 m - a scroll of identify {unknown}
 n - a scroll of amnesia {unknown}
Potions
 c - a potion of berserk rage {unknown}
 e - a potion of brilliance
 k - a potion of haste {unknown}
Comestibles
 b - 3 rations


   Skills:
 - Level 3.0 Fighting
 * Level 4.5 Dodging
 + Level 2.5 Stealth
 + Level 4.2 Unarmed Combat


You had 4 spell levels left.
You didn't know any spells.
Your spell library was empty.

Dungeon Overview and Level Annotations

Branches:
Dungeon (4/15)
 Temple: D:4-7

Altars:
Cheibriados
Qazlal
Vehumet
Xom


Message History

You fly up into the air.
You feel sick. The scorpion completely misses you.
You barely miss the scorpion.
The scorpion is moderately wounded.
You feel sick. The scorpion misses you.
You hit the scorpion.
The scorpion is heavily wounded.
You feel sick. The scorpion stings you!
* * * LOW HITPOINT WARNING * * *
You are more poisoned.
The scorpion poisons you!
You hit the scorpion but do no damage.
The scorpion is heavily wounded.
* * * LOW HITPOINT WARNING * * *
You feel very sick. The scorpion completely misses you.
Unknown command.
You feel protected.
* * * LOW HITPOINT WARNING * * *
You feel sick. The scorpion completely misses you.
You die...

###......
........####### .
#..........# ..
#..#......#
...##.#.#..#.#######
..(........#.......#
.........#)#######<#
....#.#..#..# #.#
.#....s.@.#.# #.#
#########.....# #.#
##_# ...... #.#
#8... ..... #.#
#.... ..... ...
#_.... .... ##.
##.... . #8...


You could see a scorpion.

Vanquished Creatures
  A worker ant zombie (D:3)
  4 gnolls (D:3)
  3 adders (D:3)
  An ooze (D:2)
  An adder skeleton (D:3)
  A dart slug (D:3)
  4 leopard geckos
  3 bats (D:1)
  5 giant cockroaches
  5 hobgoblins
  A quokka (D:3)
  2 ball pythons
  2 frilled lizards (D:1)
  4 goblins
  4 kobolds
  A leopard gecko skeleton (D:3)
  A leopard gecko zombie (D:3)
  4 rats
  2 withered plants (D:3)
49 creatures vanquished.

Notes
Turn   | Place    | Note
-------+----------+-------------------------------------------
     0 | D:1      | SmokingMann the Human Monk began the quest for the Orb.
     0 | D:1      | Reached XP level 1. HP: 18/18 MP: 1/1
   282 | D:1      | Reached XP level 2. HP: 14/24 MP: 2/2
   640 | D:1      | ......
   805 | D:1      | Reached XP level 3. HP: 29/29 MP: 3/3
  1544 | D:2      | You fall through a shaft!
  1544 | D:3      | Found a stormy altar of Qazlal.
  1546 | D:3      | Became a worshipper of Qazlal Stormbringer
  1546 | D:3      | Reached * piety under Qazlal
  1546 | D:3      | Reached ** piety under Qazlal
  1560 | D:3      | Found a shimmering altar of Xom.
  1792 | D:3      | Reached XP level 4. HP: 5/35 MP: 4/4
  2278 | D:3      | Reached XP level 5. HP: 35/41 MP: 5/5
  2597 | D:4      | Found a radiant altar of Vehumet.
  2604 | D:4      | Found a snail-covered altar of Cheibriados.
  2618 | D:4      | HP: 1/41 [poisoned by a scorpion]
  2619 | D:4      | Succumbed to a scorpion's poison

Skill      XL: |  1  2  3  4 |
---------------+-------------+-----
Dodging        | 4 |  4.5
Unarmed Combat | 4 |  4.2
Fighting       | |  3.0
Stealth        | |  2.5

Action                   |  1- 3 |  4- 6 || total
-------------------------+-------+-------++-------
Melee: Unarmed           |   133 |   272 ||   405
       Punch             |       |    10 ||    10
  Use: Potion            |       |     5 ||     5
 Stab: Sleeping          |     2 |       ||     2
  Eat: Ration            |     1 |     1 ||     2
Armor: Robe              |    33 |     5 ||    38
Dodge: Dodged            |   109 |    64 ||   173
Block: Other             |     1 |    12 ||    13
